 Dungeon Crawl Stone Soup version 0.26.0-16-gc1dbca0489 (webtiles) character file.

Game seed: 9482262589156030989

260 Majorwet the Chiller (level 6, -6/32 HPs)
             Began as a Gargoyle Ice Elementalist on Jan 19, 2021.
             Mangled by an ogre
             ... wielding a +0 giant club
              (13 damage)
             ... on level 3 of the Dungeon.
             The game lasted 00:29:26 (3992 turns).

Majorwet the Chiller (Gargoyle Ice Elementalist)    Turns: 3992, Time: 00:29:27

Health: -6/32      AC:  7    Str: 11    XL:     6   Next: 17%
Magic:  11/11      EV: 12    Int: 18    God:
Gold:   111        SH:  0    Dex: 10    Spells: 7/11 levels left

rFire    . . .     SeeInvis +   p - +2 dagger (venom)
rCold    . . .     Faith    .   (no shield)
rNeg     + . .     Spirit   .   a - +0 robe
rPois    ∞         Reflect  .   k - +0 helmet {SInv}
rElec    +         Harm     .   (no cloak)
rCorr    .         Rampage  .   s - -1 pair of gloves (curse)
Will     .....                  (no boots)
Stlth    ++........             (no amulet)
HPRegen  0.10/turn              (no ring)
MPRegen  0.12/turn              (no ring)

@: no status effects
A: negative energy resistance 1, electricity resistance, unbreathing,
petrification resistance, miasma immunity, AC +4
a: no special abilities


You were on level 3 of the Dungeon.
You visited 1 branch of the dungeon, and saw 4 of its levels.

You collected 111 gold pieces.

Inventory:

Hand Weapons
 p - a +2 dagger of venom (weapon)
Missiles
 b - 109 stones
 j - 3 boomerangs
 m - 7 javelins
 v - 2 atropa-tipped darts
Armour
 a - a +0 robe (worn)
 g - a +0 plate armour
 k - a +0 helmet of see invisible (worn)
 o - a +3 scale mail of poison resistance
 s - a cursed -1 pair of gloves (worn)
Wands
 q - a wand of disintegration (17)
 w - a wand of polymorph (15)
Scrolls
 c - a scroll of teleportation {unknown}
 f - 2 scrolls of magic mapping {unknown}
 n - 2 scrolls of identify {unknown}
 r - a scroll of remove curse {unknown}
 t - a scroll of fear {unknown}
Potions
 h - a potion of lignification {unknown}
 i - a potion of brilliance {unknown}
 l - 2 potions of curing
 u - a potion of heal wounds {unknown}


   Skills:
 + Level 2.7 Dodging
 + Level 3.7 Stealth
 + Level 3.3 Spellcasting
 + Level 5.3 Ice Magic


You had 7 spell levels left.
You knew the following spells:

 Your Spells              Type           Power        Failure   Level
a - Freeze                Ice            88%          1%          1
b - Frozen Ramparts       Ice            44%          5%          3

Your spell library contained the following spells:

 Spells                   Type           Power        Failure   Level
 Ozocubu's Armour         Ice            22%          5%          3
 Hailstorm                Conj/Ice       12%          45%         4
 Summon Ice Beast         Ice/Summ       12%          45%         4


Dungeon Overview and Level Annotations

Branches:
Dungeon (4/15)
 Temple: D:4-7

Altars:
Xom

Annotations:
D:3 2 transporters, kelmiir's ghost, amateur GnWn


Innate Abilities, Weirdness & Mutations

You are resistant to torment.
Your stone body is resilient. (AC +4)
You are immune to poison.
You resist negative energy. (rN+)
You are resistant to electric shocks. (rElec)
You can survive without breathing.
You are immune to petrification.
You are immune to miasma.


Message History

You climb upwards.
Level annotation: 2 transporters, kelmiir's ghost, amateur GnWn
There is a stone staircase leading down here.
Things that are here:
a +1 flail of venom; an orc corpse
There is a stone staircase leading down here.
You climb downwards.
You hear the hiss of flowing sand.
There is an entrance to an ossuary on this level.
Hurry and find it before the portal is buried!
The ogre hits you with a +0 giant club!!
Ouch! That really hurt!
There is a stone staircase leading up here.
The ogre hits you with a +0 giant club!
* * * LOW HITPOINT WARNING * * *
You climb upwards.
Level annotation: 2 transporters, kelmiir's ghost, amateur GnWn
There is a stone staircase leading down here.
It was a potion of curing.
You feel better. The ogre hits you with a +0 giant club!
You die...

#####...................#.#
......###..#........####..#
####### #.###...<....##..## #
##.# ######.#.....# # #..#
###.......#### #
#.#######...#####....#
#.##....[.(.# ####.### #
#.##........# #...# #
########.##..).)@..# ###.###
......#..##......O.# ###.#..
........###........########......
.......## #######........##.####[
......#### #...#.......# ###
...<.....# #..#.#...######..
......##.### ##.#._.#.##[.....#
......##...#####..)#.#..#..######
......###...........#...#.##


You could see an ogre.

Vanquished Creatures
  2 orc wizards
  Terence (D:2)
  A worker ant (D:3)
  3 gnolls (D:3)
  5 adders
  4 worms
  2 dart slugs
  3 leopard geckos
  5 orcs
  7 goblins
  13 hobgoblins
  10 bats
  6 frilled lizards
  5 kobolds
  2 rats
69 creatures vanquished.

Notes
Turn   | Place    | Note
-------+----------+-------------------------------------------
     0 | D:1      | Majorwet the Gargoyle Ice Elementalist began the quest for
                  | the Orb.
     0 | D:1      | Reached XP level 1. HP: 10/10 MP: 3/3
   413 | D:1      | Reached XP level 2. HP: 11/15 MP: 1/5
  1150 | D:1      | Found a shimmering altar of Xom.
  1152 | D:1      | Found a shimmering blue altar of Sif Muna.
  1152 | D:1      | Found a shimmering altar of Xom.
  1154 | D:1      | Found a blossoming altar of Fedhas.
  1154 | D:1      | Found a sparkling altar of Nemelex Xobeh.
  1154 | D:1      | Found a bloodstained altar of Trog.
  1381 | D:1      | Reached XP level 3. HP: 18/19 MP: 4/6
  2178 | D:2      | Reached XP level 4. HP: 11/24 MP: 0/8
  2622 | D:2      | Noticed Terence
  2630 | D:2      | Killed Terence
  2631 | D:2      | Reached skill level 5 in Ice Magic
  2631 | D:2      | Reached XP level 5. HP: 19/28 MP: 3/9
  2715 | D:2      | Learned a level 3 spell: Frozen Ramparts
  2757 | D:2      | You fall into a shaft and drop 1 floor!
  2757 | D:3      | Found a transporter.
  2757 | D:3      | Noticed kelmiir's ghost (amateur GnWn)
  2801 | D:3      | Found a transporter.
  3077 | D:3      | Found a faded altar of an unknown god.
  3735 | D:4      | Noticed an ogre
  3856 | D:4      | Reached XP level 6. HP: 24/32 MP: 5/10
  3990 | D:4      | HP: 1/32 [ogre/+0 giant club (12)]
  3992 | D:3      | Mangled by an ogre

Illustrated notes

Levels and vault maps discovered:
D:1:      matt_arrival_refuge, layout_loops_corners, doesnt_xom_only_xom
D:2:      layout_loops_ring, grunt_decor_junction, uniq_terence,
          uniq_crazy_yiuf_cottage
D:3:      layout_rooms, chequers_ecumenical_altar_simple_redux,
          gammafunk_ghost_mausoleum, grunt_decor_cap
D:4:      layout_loops_ring, nicolae_ru_awakened_eye,
          lightli_ossuary_entry_decrepit_ruins, gammafunk_ghost_mausoleum

Skill      XL: |  1  2  3  4 |
---------------+-------------+-----
Dodging        | 2 |  2.7
Stealth        | 3 |  3.7
Spellcasting   | 3 |  3.3
Ice Magic      | 5 |  5.3

Action                   |  1- 3 |  4- 6 || total
-------------------------+-------+-------++-------
Melee: Unarmed           |     8 |       ||     8
       Club              |    63 |     9 ||    72
       Dagger            |       |    47 ||    47
 Cast: Freeze            |    48 |    50 ||    98
  Use: Potion            |       |     1 ||     1
 Stab: Sleeping          |     2 |       ||     2
Armor: Robe              |    61 |    34 ||    95
       Plate armour      |    10 |       ||    10
Dodge: Dodged            |   111 |    47 ||   158
